 Dungeon Crawl Stone Soup version 0.30.1 (webtiles) character file.

Game seed: 1805360233135009866

10408 safid the Frost Mage (level 11, 0/93 HPs)
             Began as a Merfolk Ice Elementalist on July 5, 2023.
             Was an Elder of Vehumet.
             Constricted to death by a naga simulacrum (3 damage)
             ... in an ice cave on July 6, 2023.
             The game lasted 00:31:30 (12170 turns).

safid the Frost Mage (Merfolk Ice Elementalist)    Turns: 12170, Time: 00:31:31

Health: 0/93       AC: 16    Str:  8    XL:     11   Next: 61%
Magic:  24/24      EV:  7    Int: 20    God:    Vehumet [****..]
Gold:   620        SH: 14    Dex: 14    Spells: 19/29 levels left

rFire   . . .        v - +6 spear (venom)
rCold   + + .        E - +5 kite shield
rNeg    . . .        l - +2 robe {rC+}
rPois   .            (no helmet)
rElec   .            (no cloak)
rCorr   .            (no gloves)
SInv    .            q - +2 pair of boots
Will    .....        x - amulet of magic regeneration
Stlth   ++           j - ring of protection from cold
HPRegen 0.35/turn    (no ring)
MPRegen 0.59/turn

%: no passive effects
@: ice-armoured, constricted
A: (nimble swimmer 2), mertail
a: Renounce Religion


You were in an ice cave.
You worshipped Vehumet.
Vehumet was greatly pleased with you.
You visited 3 branches of the dungeon, and saw 12 of its levels.
You also visited: Bailey and Ice Cave.

You collected 620 gold pieces.

Inventory:

Hand Weapons
 v - a +6 spear of venom (weapon)
Missiles
 e - 4 throwing nets
 C - a curare-tipped dart
Armour
 l - a +2 robe of cold resistance (worn)
 q - a +2 pair of boots (worn)
 t - the +0 robe of Anaesthesia {rF+ Stlth+}
   (You found it on level 4 of the Dungeon)

   rF:        It protects you from fire.
   Stlth:     It makes you more stealthy.
 E - a +5 kite shield (worn)
Jewellery
 j - a ring of protection from cold (left hand)
 s - a ring of ice
 x - an amulet of magic regeneration (around neck)
Wands
 o - a wand of polymorph (8)
 D - a wand of mindburst (16)
Scrolls
 a - 5 scrolls of teleportation
 b - 5 scrolls of enchant armour
 g - a scroll of magic mapping
 n - a scroll of butterflies
 p - a scroll of amnesia
 u - 2 scrolls of fog
 y - a scroll of brand weapon
 F - a scroll of poison {unknown}
 I - 3 scrolls of immolation {unknown}
Potions
 d - a potion of resistance {unknown}
 h - 2 potions of berserk rage {unknown}
 i - 6 potions of brilliance
 k - 3 potions of mutation {unknown}
 r - a potion of flight {unknown}
 w - a potion of attraction {unknown}
 z - 4 potions of invisibility {unknown}
 A - a potion of magic
 B - a potion of haste {unknown}
 H - a potion of degeneration {unknown}
Miscellaneous
 G - a condenser vane


   Skills:
 + Level 11.1 Fighting
 - Level 2.6 Dodging
 - Level 2.1 Stealth
 + Level 3.6 Shields
 + Level 9.6 Spellcasting
 + Level 11.9 Ice Magic


You had 19 spell levels left.
You knew the following spells:

 Your Spells              Type           Power      Damage    Failure   Level
a - Freeze                Ice            100%       1d10      1%          1
b - Frozen Ramparts       Ice            100%       1d16      1%          3
c - Ozocubu's Armour      Ice            55%        N/A       1%          3
d - Hailstorm             Conj/Ice       33%        3d8       3%          3

Your spell library contained the following spells:

 Spells                   Type           Power      Damage    Failure   Level
 Iskenderun's Battlesphe  Conj           9%         2d6       93%         5
 Ensorcelled Hibernation  Hex/Ice        66%        N/A       5%          2
 Foxfire                  Conj/Fire      36%        2x1d5     11%         1
 Sandblast                Erth           18%        2d7       11%         1
 Shock                    Conj/Air       36%        1d5       11%         1
 Stone Arrow              Conj/Erth      18%        3d8       30%         3
 Volatile Blastmotes      Fire/Tloc      18%        2d11      30%         3
 Summon Ice Beast         Ice/Summ       33%        N/A       34%         4
 Passwall                 Tmut/Erth      7%         N/A       52%         2
 Airstrike                Air            4%         2d(1-17)  67%         4
 Fulminant Prism          Conj/Hex       4%         3d5       67%         4
 Iskenderun's Mystic Bla  Conj/Tloc      9%         2d4       67%         4
 Spider Form              Tmut/Pois      9%         N/A       77%         3
 Swiftness                Air            9%         N/A       77%         3
 Fireball                 Conj/Fire      4%         3d4       93%         5
 Lee's Rapid Deconstruct  Erth           4%         3d5*      93%         5
 Anguish                  Hex/Necr       4%         N/A       99%         4
 Plasma Beam              Fire/Air       4%         2x1d16    100%        6
 Starburst                Conj/Fire      4%         6d4       100%        6


Dungeon Overview and Level Annotations

Branches:
Dungeon (10/15)            Temple (1/1) D:4            Lair (1/5) D:8
 Bailey (visited)           IceCv (1/1)
    Orc: D:9-12

Altars:
Ashenzari
Cheibriados
Dithmenos
Elyvilon
Fedhas
Gozag
Hepliaklqana
Kikubaaqudgha
Makhleb
Nemelex Xobeh
Okawaru
Qazlal
Ru
Sif Muna
Trog
Uskayaw
Vehumet
Wu Jian
Yredelemnul
Zin
The Shining One


Innate Abilities, Weirdness & Mutations

((You are very nimble when in or above water. (Stealth+, EV+, Speed+++)))
Your lower body shifts to a powerful aquatic tail in water.


Message History

You block the naga simulacrum's attack. The naga simulacrum grabs you.
The naga simulacrum constricts you.
The two-headed ogre simulacrum hits you but does no damage.
The two-headed ogre simulacrum hits you.
The two-headed ogre simulacrum freezes you!
You resist.
You hit the two-headed ogre simulacrum.
The two-headed ogre simulacrum is almost destroyed.
You block the naga simulacrum's attack. The naga simulacrum constricts you.
Unknown command.
You hit the two-headed ogre simulacrum.
The two-headed ogre simulacrum is almost destroyed.
The two-headed ogre simulacrum hits you but does no damage. x2
The naga simulacrum hits you but does no damage.
The naga simulacrum constricts you.
* * * LOW HITPOINT WARNING * * *
Unknown command.
You hit the two-headed ogre simulacrum but do no damage.
The two-headed ogre simulacrum is almost destroyed.
The naga simulacrum closely misses you. The naga simulacrum constricts you.
* * * LOW HITPOINT WARNING * * *
You block the two-headed ogre simulacrum's attack.
The two-headed ogre simulacrum hits you.
* * * LOW HITPOINT WARNING * * *
The two-headed ogre simulacrum freezes you!
You resist.
* * * LOW HITPOINT WARNING * * *
The naga simulacrum hits you but does no damage.
The naga simulacrum constricts you.
Unknown command.
You barely miss the two-headed ogre simulacrum.
The two-headed ogre simulacrum is almost destroyed.
The two-headed ogre simulacrum barely misses you.
The two-headed ogre simulacrum hits you but does no damage.
The naga simulacrum hits you!
* * * LOW HITPOINT WARNING * * *
The naga simulacrum freezes you. You resist.
* * * LOW HITPOINT WARNING * * *
The naga simulacrum constricts you.
You die...

..
##.#
#..#
...##
##...
#...#
#ZZ.#
#.@.#
#..##
#.∩.#
#..##
###


You could see a naga simulacrum and a two-headed ogre simulacrum.

Vanquished Creatures
  Harold (D:9)
  2 two-headed ogres (D:9)
  An orc knight (Bailey)
  Pikel (D:7)
  Psyche (D:8)
  Joseph (D:8)
  A komodo dragon (Lair:1)
  2 ice devils (Lair:1)
  2 hornets (D:7)
  A troll (D:8)
  A meliai (D:9)
  A slime creature (D:9)
  2 wraiths
  A yak (D:9)
  2 wyverns
  5 steam dragons
  Duvessa (D:7)
  8 orc warriors
  2 black bears (D:5)
  An ice beast (D:7)
  An ogre (D:9)
  2 wolves (D:8)
  3 centaurs
  A lemure (D:7)
  4 kobold brigands
  3 bullfrogs
  A gnoll sergeant (D:9)
  A scorpion (D:5)
  Dowan (D:7)
  6 killer bees (D:9)
  6 howler monkeys
  A vampire bat (D:3)
  4 electric eels (D:8)
  8 hounds
  8 orc priests
  2 sleepcaps (D:7)
  3 iron imps (D:4)
  5 iguanas
  6 orc wizards
  6 gnolls
  5 adders
  A shadow imp (D:7)
  3 ufetubi
  A worm (D:2)
  7 dart slugs
  3 fire bats (D:3)
  44 orcs
  2 spectral bats (D:3)
  3 bat skeletons (D:3)
  A bat zombie (D:3)
  2 endoplasms
  2 giant cockroaches
  8 goblins
  2 hobgoblins
  2 jackals (D:1)
  15 kobolds
  4 quokkas
  6 ball pythons
  13 bats
  A bat simulacrum (D:3)
  A frilled lizard (D:2)
  3 rats
238 creatures vanquished.

Vanquished Creatures (others)
  A kobold (D:6)
1 creature vanquished.

Grand Total: 239 creatures vanquished

Notes
Turn   | Place    | Note
-------+----------+-------------------------------------------
     0 | D:1      | safid the Merfolk Ice Elementalist began the quest for the
                  | Orb.
     0 | D:1      | Reached XP level 1. HP: 13/13 MP: 3/3
   367 | D:1      | Reached XP level 2. HP: 20/20 MP: 5/5
   443 | D:1      | Reached skill level 1 in Fighting
   823 | D:2      | Found a faded altar of an unknown god.
  1001 | D:2      | Reached XP level 3. HP: 26/26 MP: 1/6
  1492 | D:2      | Reached skill level 5 in Ice Magic
  1492 | D:2      | Reached XP level 4. HP: 28/33 MP: 3/8
  1564 | D:2      | Learned a level 3 spell: Frozen Ramparts
  1568 | D:2      | Learned a level 3 spell: Ozocubu's Armour
  2350 | D:3      | Reached XP level 5. HP: 40/40 MP: 4/9
  2954 | D:3      | Found a shadowy altar of Dithmenos.
  3064 | D:4      | Reached XP level 6. HP: 44/47 MP: 7/11
  3378 | D:4      | Found a staircase to the Ecumenical Temple.
  3387 | Temple   | Entered the Ecumenical Temple
  3401 | Temple   | Became a worshipper of Vehumet
  3502 | D:4      | Identified the +0 robe of Anaesthesia {rF+ Stlth+}
  3676 | D:4      | Found a shimmering blue altar of Sif Muna.
  3731 | D:4      | Found a burning altar of Makhleb.
  3956 | D:5      | Entered Level 5 of the Dungeon
  3973 | D:5      | Reached XP level 7. HP: 52/54 MP: 8/13
  4690 | D:5      | Reached skill level 5 in Fighting
  4951 | D:5      | Reached * piety under Vehumet
  4951 | D:5      | Offered knowledge of Foxfire by Vehumet.
  4952 | D:5      | Reached XP level 8. HP: 61/62 MP: 8/15
  4953 | D:5      | Reached skill level 5 in Spellcasting
  5423 | D:6      | Noticed a komodo dragon
  5639 | D:6      | Found an opulent altar of Gozag.
  5737 | D:6      | Found an opulent altar of Gozag.
  5737 | D:6      | Found an opulent altar of Gozag.
  5742 | D:6      | Found an opulent altar of Gozag.
  5825 | D:7      | Noticed a hornet
  5840 | D:7      | Killed a hornet
  6041 | D:7      | Noticed a hornet
  6048 | D:7      | Killed a hornet
  6049 | D:7      | Reached XP level 9. HP: 63/72 MP: 18/18
  6307 | D:7      | Found an iron altar of Okawaru.
  6308 | D:7      | Found a hide-covered altar of Uskayaw.
  6575 | D:7      | Noticed Dowan
  6584 | D:7      | Noticed Duvessa
  6597 | D:7      | Killed Duvessa
  6610 | D:7      | Killed Dowan
  6815 | D:7      | Noticed Pikel
  6832 | D:7      | Killed Pikel
  7108 | D:7      | Reached ** piety under Vehumet
  7171 | D:8      | Found a flagged portal.
  7182 | Bailey   | Entered a bailey
  7194 | Bailey   | Offered knowledge of Kiss of Death by Vehumet.
  7378 | Bailey   | Noticed an orc knight
  7457 | Bailey   | Reached XP level 10. HP: 82/82 MP: 18/21
  7592 | Bailey   | Killed an orc knight
  7592 | Bailey   | Offered knowledge of Hailstorm by Vehumet.
  7593 | Bailey   | Reached skill level 10 in Ice Magic
  7597 | Bailey   | Learned a level 3 spell: Hailstorm
  8107 | D:8      | Noticed Maggie
  8140 | D:8      | Maggie changed into Maggie the wyvern
  8140 | D:8      | Noticed Maggie
  8143 | D:8      | Killed Maggie the wyvern
  8295 | D:8      | Reached *** piety under Vehumet
  8391 | D:8      | Found a staircase to the Lair.
  8852 | D:8      | Noticed Joseph
  8853 | D:8      | Noticed Psyche
  9119 | D:8      | Killed Psyche
  9170 | D:8      | HP: 6/127 [+0 spectral quarterstaff[Joseph] (9)]
  9170 | D:8      | HP: 2/127 [disintegration (4)]
  9171 | D:8      | Killed Joseph
  9503 | D:8      | Offered knowledge of Ignite Poison by Vehumet.
  9504 | D:8      | Reached skill level 10 in Fighting
  9651 | D:9      | Noticed Harold
  9663 | D:9      | Killed Harold
 10184 | D:9      | Reached XP level 11. HP: 67/92 MP: 23/23
 10239 | D:9      | Reached skill level 1 in Shields
 10731 | D:9      | Noticed a two-headed ogre
 10737 | D:9      | Killed a two-headed ogre
 11316 | D:9      | Noticed a two-headed ogre
 11324 | D:9      | Reached **** piety under Vehumet
 11333 | D:9      | Killed a two-headed ogre
 11336 | D:9      | Offered knowledge of Iskenderun's Battlesphere by Vehumet.
 11569 | D:10     | Entered Level 10 of the Dungeon
 11763 | Lair:1   | Entered Level 1 of the Lair of Beasts
 11805 | Lair:1   | Found a frozen archway.
 12155 | IceCv    | Entered an ice cave
 12170 | IceCv    | HP: 4/93 [naga simulacrum (9)]
 12170 | IceCv    | Constricted to death by a naga simulacrum

Illustrated notes

Levels and vault maps discovered:
D:1:      psy_arrival_conway, layout_loops_ring
D:2:      kennysheep_six_static_rooms, layout_loops_ring, serial_bayou,
          serial_bayou_crossing, serial_bayou_pond_c, serial_bayou_pond_d,
          serial_bayou_ford_a, hellmonk_ecumenical_altar_leap_of_faith
D:3:      layout_loops_ring, mainiacjoe_overflow_alcove_2, goddamned_bats
D:4:      layout_rooms, nicolae_sif_muna_little_library, demons_altar,
          minmay_temple_entry_junction
D:5:      layout_rooms, item_on_display_b
D:6:      layout_rooms, nicolae_gozag_conspicuous_consumption
D:7:      layout_loops_corners, minitemple, uniq_duvessa, uniq_pikel
D:8:      layout_rooms, erik_lair_island, enter_bailey_6, grunt_decor_fettered,
          uniq_psyche, uniq_joseph, uniq_maggie
D:9:      nzn_winding_woodlands_small [nzn_winding_woodlands_5x15_garden,
          nzn_winding_woodlands_center_diamonds,
          nzn_winding_woodlands_5x15_sidewinder], layout_gridville, st_stairs_4,
          uniq_harold
D:10:     layout_long_grid, mainiacjoe_overflow_catwalk, zombieorc2_lemuel,
          hellmonk_guarded_unrand_gong, uniq_lodul
Temple:   hellmonk_temple_two_chambers
Lair:1:   layout_big_grid, portal_ice_cave_demonic_guard,
          pdpol_lair_cabin_in_the_woods, grunt_megastairs_3
IceCv:    ice_cave_caverns_02

Skill      XL: |  1  2  3  4  5  6  7  8  9 10 11 |
---------------+----------------------------------+-----
Fighting       | 1 2 3 4 5 7 8 10 11 | 11.1
Ice Magic      | 5 6 7 8 9 11 | 11.9
Spellcasting   | 3 4 6 7 8 9 |  9.6
Shields        | 3 |  3.6
Dodging        | |  2.6
Stealth        | |  2.1

Action                     |  1- 3 |  4- 6 |  7- 9 | 10-12 || total
---------------------------+-------+-------+-------+-------++-------
  Melee: Dagger            |    17 |   119 |     3 |       ||   139
         Spear             |       |       |   172 |   289 ||   461
         Punch             |       |       |     2 |       ||     2
         Tailslap          |       |       |       |     3 ||     3
   Cast: Freeze            |    39 |    47 |     2 |     4 ||    92
         Frozen Ramparts   |       |    10 |    39 |    32 ||    81
         Ozocubu's Armour  |       |     3 |    25 |    31 ||    59
         Hailstorm         |       |       |       |     1 ||     1
  Evoke: Wand              |       |       |       |     4 ||     4
    Use: Potion            |       |     2 |       |    10 ||    12
         Scroll            |       |       |    11 |    12 ||    23
   Stab: Sleeping          |     4 |     2 |     4 |     1 ||    11
 Armour: Robe              |     8 |   107 |    76 |    88 ||   279
         Skin              |       |       |     5 |    30 ||    35
  Dodge: Dodged            |    24 |   244 |   116 |   143 ||   527
  Block: Kite shield       |       |       |       |   156 ||   156
